 Dungeon Crawl Stone Soup version 0.26-a0-784-g51bffae0b1 (webtiles) character file.

Game seed: 10835513071790728881

1761 Kinoniko the Ruffian (level 8, -14/79 HPs)
             Began as a Troll Monk on Nov 10, 2020.
             Demolished by a lorocyproca (38 damage)
             ... on level 1 of the Abyss.
             The game lasted 00:05:37 (3642 turns).

Kinoniko the Ruffian (Troll Monk)                   Turns: 3642, Time: 00:05:38

Health: -14/79     AC:  7    Str: 23    XL:     8   Next: 79%
Magic:  0/7        EV: 10    Int:  7    God:
Gold:   227        SH:  0    Dex: 12    Spells: 7/7 levels left

rFire    . . .     SeeInvis .     - Unarmed
rCold    . . .     Faith    .   (no shield)
rNeg     . . .     Spirit   .   b - +0 robe
rPois    .         Reflect  .   (helmet restricted)
rElec    .         Harm     .   k - +0 cloak
rCorr    +         Rampage  .   (gloves unavailable)
MR       +....                  (boots unavailable)
Stlth    ++........             (no amulet)
HPRegen  0.63/turn              t - ring of resist corrosion
MPRegen  0.10/turn              (no ring)

@: no status effects
A: large, unfitting armour, claws 3, magic resistance 1, regeneration 1, shaggy
fur 1, strong 1, tough skin 3
a: no special abilities


You were on level 1 of the Abyss.
You visited 1 branch of the dungeon, and saw 6 of its levels.
You visited the Abyss 1 time.

You collected 332 gold pieces.
You spent 105 gold pieces at shops.

Inventory:

Hand Weapons
 a - a +0 falchion
Armour
 b - a +0 robe (worn)
 k - a +0 cloak (worn)
Jewellery
 t - a ring of resist corrosion (left claw)
Scrolls
 c - a scroll of teleportation
 f - a scroll of fog
 h - 3 scrolls of noise
 l - 2 scrolls of enchant weapon
Potions
 d - 10 potions of curing
 e - a potion of flight {unknown}
 g - a potion of degeneration {unknown}
 i - a potion of attraction {unknown}
 j - a potion of haste
 m - 2 potions of lignification
 n - 2 potions of brilliance
 o - 2 potions of ambrosia
 r - a potion of mutation


   Skills:
 + Level 4.8 Fighting
 * Level 6.5 Long Blades
 - Level 2.4 Dodging
 - Level 1.0 Stealth
 * Level 7.0 Unarmed Combat


You had 7 spell levels left.
You didn't know any spells.
Your spell library was empty.

Dungeon Overview and Level Annotations

Branches:
Dungeon (6/15)
 Temple: D:4-7

Altars:
Trog

Shops:
D:4 ?

Annotations:
D:6 Maggie


Innate Abilities, Weirdness & Mutations

You are too large for most types of armour.
You have claws for hands.
Your natural rate of healing is unusually fast.
You are covered in fur. (AC +1)
You have extremely tough skin. (AC +3)
You are resistant to hostile enchantments. (MR+)
Your muscles are strong. (Str +2)


Message History

Found a potion of haste.
j - a potion of haste
Found 2 potions of curing.
Found 22 gold pieces and 3 silver javelins.
Found 19 sling bullets.
A large abomination comes into view.
Found a scale mail.
You see here 22 gold pieces.
You hear a chilling moan.
You see here 22 gold pieces.
You now have 227 gold pieces (gained 22).
Found a fizzy coppery potion.
Deactivating autopickup; reactivate with Ctrl-A.
You scratch something but do no damage. Something hits you!!
You feel your power leaking away.
You closely miss something. Something hits you!
You claw something! Something hits you!!
* * * LOW HITPOINT WARNING * * *
You claw something! Something hits you!!!
You die...

# . ## ..
#...## .# .
..#.# .. # .
...##.#
..#.#.##.#...#
!.....#@.....##
##.{X#..... .
#.#...# .###.#
#.....##......
# ...........
#.#.....# . .
.[ ####...## .
...# ##.## #.#
. (. ## ..# #
..


You could see a large abomination.

Vanquished Creatures
  A two-headed ogre (D:6)
  Grinder (D:6)
  An ice beast (D:5)
  2 phantoms
  A centaur (D:5)
  3 scorpions
  2 howler monkeys
  A hound (D:4)
  An orc priest (D:6)
  2 worker ants
  3 iguanas
  9 adders
  2 ufetubi
  6 worms
  2 dart slugs
  5 leopard geckos
  3 orcs
  A ball python (D:2)
  A bat (D:1)
  8 giant cockroaches
  7 goblins
  8 hobgoblins
  6 jackals
  3 quokkas
  2 frilled lizards
  7 kobolds
  5 rats
93 creatures vanquished.

Vanquished Creatures (others)
  A wizard (D:5)
  2 plants (D:6)
3 creatures vanquished.

Grand Total: 96 creatures vanquished

Notes
Turn   | Place    | Note
-------+----------+-------------------------------------------
     0 | D:1      | Kinoniko the Troll Monk began the quest for the Orb.
     0 | D:1      | Reached XP level 1. HP: 22/22 MP: 0/0
   111 | D:1      | Reached XP level 2. HP: 22/29 MP: 1/1
   185 | D:1      | Reached skill level 1 in Unarmed Combat
   643 | D:2      | Reached XP level 3. HP: 22/36 MP: 2/2
   749 | D:2      | Reached skill level 2 in Unarmed Combat
  1006 | D:2      | Reached XP level 4. HP: 34/44 MP: 3/3
  1881 | D:3      | Reached XP level 5. HP: 53/53 MP: 4/4
  2074 | D:4      | Reached skill level 3 in Unarmed Combat
  2319 | D:4      | Reached XP level 6. HP: 58/61 MP: 5/5
  2396 | D:4      | Found Yqupt's Magic Scroll Shop.
  2408 | D:4      | Bought a scroll of enchant weapon for 105 gold pieces
  2647 | D:5      | Entered Level 5 of the Dungeon
  2654 | D:5      | Found a bloodstained altar of Trog.
  2657 | D:5      | Noticed a wizard
  2660 | D:5      | Killed a wizard
  2715 | D:5      | Reached skill level 4 in Unarmed Combat
  2964 | D:5      | Noticed an ice beast
  2975 | D:5      | Killed an ice beast
  2975 | D:5      | Reached XP level 7. HP: 49/67 MP: 6/6
  3209 | D:6      | Noticed Grinder
  3209 | D:6      | Noticed a two-headed ogre
  3209 | D:6      | Paralysed by Grinder for 6 turns
  3216 | D:6      | Gained mutation: Your muscles are strong. (Str +2) [potion
                  | of mutation]
  3216 | D:6      | Gained mutation: You are resistant to hostile enchantments.
                  | (MR+) [potion of mutation]
  3224 | D:6      | Killed a two-headed ogre
  3224 | D:6      | Reached skill level 5 in Long Blades
  3224 | D:6      | Reached skill level 6 in Unarmed Combat
  3224 | D:6      | Reached XP level 8. HP: 42/79 MP: 7/7
  3232 | D:6      | Killed Grinder
  3452 | D:6      | Reached skill level 7 in Unarmed Combat
  3513 | D:6      | Noticed Maggie
  3524 | D:6      | Cast into level 1 of the Abyss (Maggie)
  3524 | Abyss:1  | Found an iron altar of Okawaru.
  3619 | Abyss:1  | Noticed a large abomination
  3642 | Abyss:1  | Demolished by a lorocyproca

Illustrated notes

Levels and vault maps discovered:
D:1:      dpeg_arrival_long_road, layout_loops_cross, serial_glass,
          glass_columns_b, glass_columns_a, glass_columns_a, glass_columns_b
D:2:      layout_basic
D:3:      layout_basic, kennysheep_generic_room_5
D:4:      cheibrodos_quashed, layout_basic, serial_shops, shop
D:5:      layout_rooms, trog_wizard
D:6:      layout_basic, gammafunk_temple_overflow_forgotten,
          dancing_weapons_uskayaw, minmay_misc_feat_x, minmay_alternating_orb,
          uniq_grinder, uniq_maggie, uniq_duvessa
Abyss:1:  base:
D:6

Skill      XL: |  1  2  3  4  5  6  7  8 |
---------------+-------------------------+-----
Unarmed Combat | 1 2 3 4 6 7 |  7.0
Long Blades    | 3 4 5 6 |  6.5
Fighting       | 3 4 |  4.8
Dodging        | |  2.4
Stealth        | |  1.0

Action                   |  1- 3 |  4- 6 |  7- 9 || total
-------------------------+-------+-------+-------++-------
Melee: Falchion          |    21 |       |       ||    21
       Unarmed           |    75 |   124 |   102 ||   301
       Punch             |       |     2 |     3 ||     5
  Use: Scroll            |       |     8 |     7 ||    15
       Potion            |       |       |     2 ||     2
 Stab: Sleeping          |     3 |     5 |       ||     8
Armor: Robe              |    43 |    40 |    28 ||   111
Dodge: Dodged            |    49 |    49 |    43 ||   141
       Rpst.: Falchion   |     7 |       |       ||     7

Table legend: (Time is in decaauts)
 A = Elapsed time spent in this place.
 B = Non-inter-level travel time spent in this place.
 C = Inter-level travel time spent in this place.
 D = Time resting spent in this place.
 E = Time spent auto-exploring this place.
 F = Levels seen in this place.
 G = Mean time per level.
                   A        B        C        D        E       F      G
               +--------+--------+--------+--------+--------+-----+--------+
         Total |   3601 |   3482 |    119 |    300 |   2420 |   7 |  514.4 |
       Dungeon |   3484 |   3365 |    119 |    259 |   2420 |   6 |  580.7 |
         Abyss |    117 |    117 |      0 |     41 |      0 |   1 |  117.0 |
               +--------+--------+--------+--------+--------+-----+--------+

Top non-repeatable levels by time:
     D:2: 734 daAuts
     D:4: 682 daAuts
     D:3: 626 daAuts
     D:1: 598 daAuts
     D:5: 549 daAuts
     D:6: 292 daAuts
 Abyss:1: 117 daAuts
